 Dungeon Crawl Stone Soup version 0.26.0-20-g3ca415f5b8 (webtiles) character file.

Game seed: 8941757733204627761

18683 roke1 the Geomancer (level 12, 0/75 HPs)
             Began as a Gargoyle Earth Elementalist on Jan 24, 2021.
             Was an Elder of Uskayaw.
             Slain by a water moccasin (1 damage)
             ... on level 3 of the Lair of Beasts on Jan 25, 2021.
             The game lasted 00:45:24 (16378 turns).

roke1 the Geomancer (Gargoyle Earth Elementalist)  Turns: 16378, Time: 00:45:25

Health: 0/75       AC: 22    Str: 13    XL:     12   Next: 61%
Magic:  2/23       EV: 11    Int: 20    God:    Uskayaw [****..]
Gold:   950        SH:  5    Dex: 10    Spells: 15/26 levels left

rFire    . . .     SeeInvis .   D - +1 whip (drain)
rCold    + . .     Faith    .   (no shield)
rNeg     + . .     Spirit   .   m - +0 ring mail
rPois    ∞         Reflect  +   h - +2 hat
rElec    +         Harm     .   (no cloak)
rCorr    .         Rampage  .   C - +2 pair of gloves
Will     .....                  j - +0 pair of boots
Stlth    +.........             R - amulet of reflection
HPRegen  0.22/turn              J - +4 ring of slaying
MPRegen  0.18/turn              N - ring of protection from cold

@: no status effects
A: negative energy resistance 1, electricity resistance, unbreathing,
petrification resistance, miasma immunity, AC +8
a: Renounce Religion, Stomp, Line Pass


You were on level 3 of the Lair of Beasts.
You worshipped Uskayaw.
Uskayaw was noncommittal.
You visited 3 branches of the dungeon, and saw 14 of its levels.
You also visited: Sewer and Ossuary.

You collected 950 gold pieces.

Inventory:

Hand Weapons
 e - a +2 dagger of freezing
 D - a +1 whip of draining (weapon)
 H - the +5 dagger "Etaotu" {freeze, rElec rF- Dex+6}
   (You found it on level 6 of the Dungeon)

   It has been specially enchanted to freeze those struck by it, causing extra
   injury to most foes and up to half again as much damage against particularly
   susceptible opponents.
   It can also slow down cold-blooded creatures.
   It affects your dexterity (+6).
   It makes you vulnerable to fire.
   It insulates you from electricity.
Missiles
 b - 316 stones
Armour
 h - a +2 hat (worn)
 j - a +0 pair of boots (worn)
 m - a +0 ring mail (worn)
 C - a +2 pair of gloves (worn)
Jewellery
 i - an uncursed ring of see invisible
 n - a +6 ring of dexterity
 r - an uncursed ring of magical power
 J - a +4 ring of slaying (left hand)
 M - an uncursed ring of wizardry
 N - a ring of protection from cold (right hand)
 R - an amulet of reflection (around neck)
 U - an uncursed ring of magical power
Wands
 v - a wand of iceblast (25)
 w - a wand of random effects (28)
 x - a wand of polymorph (26)
 F - a wand of disintegration (14)
 O - a wand of flame (20)
 T - a wand of acid (14)
Scrolls
 a - 5 scrolls of identify
 c - a scroll of acquirement {unknown}
 k - 8 scrolls of remove curse
 o - 8 scrolls of teleportation
 q - 2 scrolls of immolation
 y - a scroll of summoning {unknown}
 A - 2 scrolls of torment
 E - a scroll of blinking
 I - 5 scrolls of fog {unknown}
 Q - a scroll of enchant armour
 S - 3 scrolls of enchant weapon {unknown}
 V - a scroll of silence {unknown}
Potions
 d - 5 potions of might
 f - 2 potions of haste
 g - a potion of degeneration
 l - 9 potions of mutation
 p - 3 potions of invisibility
 s - 2 potions of curing
 t - 2 potions of flight
 u - 7 potions of heal wounds
 z - a potion of magic
 B - a potion of brilliance
 G - 2 potions of attraction
 K - 2 potions of ambrosia
 L - a potion of lignification
 P - a potion of berserk rage {unknown}


   Skills:
 + Level 8.3 Fighting
 + Level 6.6 Maces & Flails
 + Level 8.2 Armour
 - Level 2.1 Dodging
 - Level 2.3 Stealth
 + Level 7.5 Spellcasting
 - Level 7.5 Conjurations
 - Level 1.0 Transmutations
 * Level 12.9 Earth Magic
 + Level 6.0 Invocations


You had 15 spell levels left.
You knew the following spells:

 Your Spells              Type           Power        Failure   Level
a - Sandblast             Erth           100%         1%          1
b - Stone Arrow           Conj/Erth      96%          1%          3
c - Passwall              Tmut/Erth      29%          1%          2
d - Lee's Rapid Deconstr  Erth           28%          2%          5

Your spell library contained the following spells:

 Spells                   Type           Power        Failure   Level
 Magic Dart               Conj           100%         1%          1
 Petrify                  Tmut/Erth      35%          10%         4
 Conjure Flame            Conj/Fire      22%          11%         3
 Dazzling Flash           Conj/Hex       44%          11%         3
 Leda's Liquefaction      Hex/Erth       16%          12%         4
 Sting                    Tmut/Pois      36%          14%         1
 Animate Skeleton         Necr           14%          17%         1
 Apportation              Tloc           14%          17%         1
 Corona                   Hex            7%           17%         1
 Summon Small Mammal      Summ           28%          17%         1
 Mephitic Cloud           Conj/Pois/Air  17%          19%         3
 Blink                    Tloc           N/A          26%         2
 Call Imp                 Summ           7%           26%         2
 Ensorcelled Hibernation  Hex/Ice        14%          26%         2
 Poisonous Vapours        Pois/Air       14%          26%         2
 Slow                     Hex            7%           26%         2
 Ignite Poison            Fire/Tmut/Pois 8%           41%         3
 Confusing Touch          Hex            7%           45%         3
 Gell's Gravitas          Tloc           3%           45%         3
 Inner Flame              Hex/Fire       7%           45%         3
 Portal Projectile        Hex/Tloc       14%          45%         3
 Tukima's Dance           Hex            7%           45%         3
 Cause Fear               Hex            3%           86%         4
 Olgreb's Toxic Radiance  Pois           7%           86%         4
 Yara's Violent Unravell  Hex/Tmut       4%           98%         5
 Metabolic Englaciation   Hex/Ice        3%           99%         5
 Freezing Cloud           Conj/Ice/Air   8%           100%        6


Dungeon Overview and Level Annotations

Branches:
Dungeon (10/15)            Temple (1/1) D:4            Lair (3/6) D:10
 Shoals (0/4) Lair:2        Snake (0/4) Lair:2        Sewer (visited)
Ossuary (visited)
    Orc: D:9-12

Altars:
Ashenzari
Cheibriados
Dithmenos
Elyvilon
Fedhas
Gozag
Hepliaklqana
Kikubaaqudgha
Makhleb
Nemelex Xobeh
Okawaru
Qazlal
Ru
Sif Muna
Trog
Uskayaw
Vehumet
Wu Jian
Xom
Yredelemnul
Zin
The Shining One

Shops:
D:8 (   D:10 [


Innate Abilities, Weirdness & Mutations

You are resistant to torment.
Your stone body is resilient. (AC +8)
You are immune to poison.
You resist negative energy. (rN+)
You are resistant to electric shocks. (rElec)
You can survive without breathing.
You are immune to petrification.
You are immune to miasma.


Message History

You kill the rime drake!
The cane toad is almost dead.
The water moccasin is severely wounded.
The water moccasin bites you but does no damage.
The cane toad misses you.
Uskayaw will force your foes to share their pain.
Okay, then.
The ice encasing you melts away. You block the blink frog's attack.
The blink frog barely misses you. The water moccasin barely misses you.
You see here 27 sling bullets.
The water moccasin barely misses you.
The blink frog blinks!
The blink frog closely misses you.
The water moccasin completely misses you.
The blink frog blinks!
The cane toad stings you!
* * * LOW HITPOINT WARNING * * *
You miss the water moccasin.
The water moccasin bites you but does no damage.
The water moccasin bites you.
You die...

........................
..........#####.##.#......
###.P.###...## #††#####.....
....#...##.....####.##.##.....
..##.....##..†.##.†...###....#
.........##...###.....P##...#.
.........#.†F§###.....##....##
.........#..SF##......##P...P.
.........F..S@####..####P....+
. .#.....#....# #### #....##
... ###.§###....# .##....#.
.....#....#[.....[ ..........
.F................. ..........
.................(. ..........
.................... ......[...
...S.........^....###..##......
..<............. .. ##....#


You could see a cane toad, 2 blink frogs and 2 water moccasins.

Vanquished Creatures
  A boulder beetle (Lair:1)
  3 hydras
  A two-headed ogre (D:8)
  A cyclops (D:7)
  A manticore (Lair:2)
  5 cane toads
  5 komodo dragons
  2 rime drakes (Lair:3)
  A troll (D:9)
  6 blink frogs
  A wind drake (Lair:2)
  Prince Ribbit (D:9)
  A wyvern (D:10)
  13 yaks
  Grum (D:8)
  Edmund (D:5)
  Menkaure (D:7)
  4 water moccasins
  6 orc warriors
  2 ice beasts
  3 sky beasts
  7 necrophages
  3 black bears
  5 phantoms
  2 wolves (D:8)
  5 ogres
  2 centaurs
  An elf zombie (Ossuary)
  A big kobold (Sewer)
  A gnoll sergeant (D:7)
  10 bullfrogs
  A water moccasin zombie (D:7)
  4 scorpions
  8 killer bees
  17 wights
  2 howler monkeys
  5 vampire bats (D:5)
  A quasit (D:10)
  A bullfrog zombie (D:5)
  A crimson imp (D:4)
  A jelly (D:5)
  6 hounds
  2 human zombies (Ossuary)
  A bullfrog skeleton (D:4)
  6 orc priests
  7 orc wizards
  Ijyb (D:4)
  4 iguanas
  5 worker ants
  2 big kobold zombies (Ossuary)
  2 hound zombies
  2 mummies (Ossuary)
  A worker ant zombie (D:7)
  8 adders
  4 gnolls
  2 river rats
  4 shadow imps
  2 white imps
  3 ufetubi
  2 adder skeletons
  An adder zombie (Ossuary)
  4 worms
  4 dart slugs
  8 leopard geckos
  44 orcs
  A ball python (D:1)
  22 bats
  5 giant cockroaches
  7 hobgoblins
  4 jackals
  15 kobolds
  3 quokkas
  7 frilled lizards
  10 goblins
  3 goblin zombies (Ossuary)
  9 hobgoblin zombies (Ossuary)
  A jackal zombie (Ossuary)
  8 kobold zombies (Ossuary)
  10 orc zombies (Ossuary)
  A quokka skeleton (D:5)
  7 rats
376 creatures vanquished.

Vanquished Creatures (others)
  A bush (Lair:2)
  15 fungi
  13 plants
  A withered plant (D:9)
30 creatures vanquished.

Grand Total: 406 creatures vanquished

Notes
Turn   | Place    | Note
-------+----------+-------------------------------------------
     0 | D:1      | roke1 the Gargoyle Earth Elementalist began the quest for
                  | the Orb.
     0 | D:1      | Reached XP level 1. HP: 10/10 MP: 3/3
     6 | D:1      | Noticed a worker ant
     6 | D:1      | Noticed a salamander
     6 | D:1      | Noticed a polar bear
     7 | D:1      | Noticed a swamp drake
     7 | D:1      | Noticed a swamp worm
   344 | D:1      | Reached skill level 1 in Transmutations
   344 | D:1      | Reached XP level 2. HP: 12/15 MP: 3/5
   827 | D:1      | Reached skill level 1 in Fighting
   827 | D:1      | Reached skill level 4 in Earth Magic
   827 | D:1      | Reached XP level 3. HP: 8/20 MP: 2/6
  1191 | D:1      | Learned a level 3 spell: Stone Arrow
  1194 | D:1      | Learned a level 2 spell: Passwall
  1593 | D:2      | Reached XP level 4. HP: 25/25 MP: 7/7
  1843 | D:2      | Found a stormy altar of Qazlal.
  2038 | D:2      | Reached skill level 1 in Armour
  2410 | D:3      | Found a glowing drain.
  2430 | D:3      | Reached skill level 1 in Conjurations
  2603 | D:3      | Reached XP level 5. HP: 23/30 MP: 6/9
  2604 | Sewer    | Entered a sewer
  2720 | Sewer    | Noticed a big kobold
  2846 | Sewer    | Killed a big kobold
  2895 | Sewer    | Found a white marble altar of Elyvilon.
  3051 | D:3      | Reached skill level 5 in Earth Magic
  3176 | D:3      | Noticed an ogre
  3190 | D:3      | Killed an ogre
  3191 | D:3      | Reached XP level 6. HP: 19/36 MP: 7/10
  3334 | D:3      | Found a blossoming altar of Fedhas.
  4173 | D:4      | Found a snail-covered altar of Cheibriados.
  4186 | D:4      | Reached XP level 7. HP: 38/40 MP: 12/12
  4201 | D:4      | Noticed Ijyb
  4229 | D:4      | Killed Ijyb
  4344 | D:4      | Found a staircase to the Ecumenical Temple.
  4402 | Temple   | Entered the Ecumenical Temple
  4736 | D:4      | Reached skill level 6 in Earth Magic
  5047 | D:5      | Entered Level 5 of the Dungeon
  5242 | D:5      | Learned a level 5 spell: Lee's Rapid Deconstruction
  5388 | D:5      | Reached XP level 8. HP: 35/46 MP: 10/13
  5873 | D:5      | Noticed Edmund
  5894 | D:5      | Killed Edmund
  5895 | D:5      | Reached skill level 7 in Earth Magic
  6209 | D:6      | Reached skill level 5 in Conjurations
  6432 | D:6      | Reached skill level 1 in Maces & Flails
  6549 | D:6      | Reached XP level 9. HP: 48/52 MP: 15/15
  6650 | D:6      | Reached skill level 8 in Earth Magic
  6798 | D:6      | Found an ancient bone altar of Kikubaaqudgha.
  6805 | D:6      | Got a warped dagger
  6806 | D:6      | Identified the +5 dagger "Etaotu" {freeze, rElec rF- Dex+6}
                  | (You found it on level 6 of the Dungeon)
  7589 | D:7      | Found a sand-covered staircase.
  7598 | Ossuary  | Entered an ossuary
  8310 | D:7      | Reached skill level 5 in Fighting
  8310 | D:7      | Reached skill level 5 in Spellcasting
  8344 | D:7      | Noticed Menkaure
  8380 | D:7      | Reached skill level 9 in Earth Magic
  8527 | D:7      | Reached skill level 5 in Armour
  8585 | D:7      | Noticed a cyclops
  8645 | D:7      | Reached XP level 10. HP: 57/59 MP: 3/17
  8789 | D:7      | Noticed an ogre mage
  8928 | D:7      | Killed Menkaure
  8931 | D:7      | Killed a cyclops
  9254 | D:8      | Found a hide-covered altar of Uskayaw.
  9263 | D:8      | Became a worshipper of Uskayaw the Reveller
  9292 | D:8      | Noticed Grum
  9302 | D:8      | Reached * piety under Uskayaw
  9308 | D:8      | Reached ** piety under Uskayaw
  9314 | D:8      | Reached *** piety under Uskayaw
  9316 | D:8      | Killed Grum
  9501 | D:8      | Found Xegunere's Weapon Boutique.
  9594 | D:8      | Reached skill level 1 in Invocations
  9842 | D:8      | Reached **** piety under Uskayaw
  9999 | D:8      | Found a sacrificial altar of Ru.
 10084 | D:8      | Found a shimmering blue altar of Sif Muna.
 10087 | D:8      | Found a basalt altar of Yredelemnul.
 10087 | D:8      | Found a glowing golden altar of the Shining One.
 10087 | D:8      | Found a bloodstained altar of Trog.
 10097 | D:8      | Noticed a two-headed ogre
 10100 | D:8      | Killed a two-headed ogre
 10101 | D:8      | Reached skill level 10 in Earth Magic
 10233 | D:8      | Found a broken altar of Ashenzari.
 10609 | D:9      | Upgraded the game from 0.26.0-18-gc5c842f807 to
                  | 0.26.0-20-g3ca415f5b8
 10911 | D:9      | Noticed Prince Ribbit
 10929 | D:9      | Killed Prince Ribbit
 11003 | D:9      | Reached ***** piety under Uskayaw
 11215 | D:9      | Reached XP level 11. HP: 57/66 MP: 20/20
 11539 | D:10     | Entered Level 10 of the Dungeon
 11762 | D:10     | Reached skill level 11 in Earth Magic
 12308 | D:10     | Found a staircase to the Lair.
 12507 | D:10     | Found Ykaotsu's Armour Emporium.
 12916 | Lair:1   | Entered Level 1 of the Lair of Beasts
 12947 | Lair:1   | Reached skill level 5 in Maces & Flails
 13305 | Lair:1   | Found an ornate altar of the Wu Jian Council.
 13306 | Lair:1   | Found a hide-covered altar of Uskayaw.
 13306 | Lair:1   | Noticed a boulder beetle
 13377 | Lair:1   | Killed a boulder beetle
 13574 | Lair:1   | Noticed an eight-headed hydra
 13584 | Lair:1   | Killed an eight-headed hydra
 14182 | Lair:2   | Found a staircase to the Snake Pit.
 14452 | Lair:2   | Noticed a six-headed hydra
 14470 | Lair:2   | Killed a six-headed hydra
 14471 | Lair:2   | Reached skill level 12 in Earth Magic
 14721 | Lair:2   | Noticed a manticore
 14722 | Lair:2   | Found a staircase to the Shoals.
 14729 | Lair:2   | Killed a manticore
 15095 | Lair:2   | Noticed a four-headed hydra
 15104 | Lair:2   | Killed a four-headed hydra
 15105 | Lair:2   | Reached skill level 5 in Invocations
 15105 | Lair:2   | Reached XP level 12. HP: 49/73 MP: 2/22
 15573 | Lair:2   | Reached ****** piety under Uskayaw
 16377 | Lair:3   | HP: 1/75 [cane toad (7)]
 16378 | Lair:3   | Slain by a water moccasin

Illustrated notes

Levels and vault maps discovered:
D:1:      onia_arrival_zoo_common, layout_basic
D:2:      layout_loops_ring, lemuel_coloured_pillars_altar,
          minmay_goblin_kobold_house
D:3:      layout_loops_cross, lemuel_doored_altar, cheibrodos_sewer_entry_sluice
D:4:      layout_gridville, kennysheep_slug_shrine, temple_green,
          minmay_fire_ice_demons, uniq_ijyb
D:5:      layout_loops_ring, roderic_batcave, due_unseen_surprise, uniq_edmund
D:6:      layout_gridville, lemuel_crystal_altar, minmay_increasing_density
D:7:      layout_cave_pools, nicolae_ossuary_entry_monument, dk_noncrumbling_3,
          kb_rosetta, uniq_menkaure
D:8:      minmay_recursive_quarters, layout_basic, cheibrodos_ashenzari_chains,
          eat_drink_and_be_merry_uskayaw, nicolae_overflow_crystal_walls,
          grunt_temple_overflow_open, serial_shops, nicolae_shop_crystal,
          uniq_grum
D:9:      layout_roguey, serial_undead, serial_undead_c, serial_undead_a,
          serial_undead_a, serial_undead_c, uniq_prince_ribbit1
D:10:     layout_loops_ring, lair_entry_dummy, serial_shops, nicolae_shop_trees,
          special_room [special_room_orc], chequers_serial_rivers_large_b
Temple:   chequers_temple_sunken
Lair:1:   layout_roguey, nzn_masters_of_martial_movement
Lair:2:   layout_regular_city, minmay_shoals_entry_beasts, dummy_snake_entry,
          infiniplex_staircase_pool
Lair:3:   layout_regular_city

Skill      XL: |  1  2  3  4  5  6  7  8  9 10 11 12 |
---------------+-------------------------------------+-----
Transmutations | 1 |  1.0
Fighting       | 1 2 3 4 5 6 7 8 |  8.3
Dodging        | 2 |  2.1
Earth Magic    | 4 5 6 7 9 10 12 | 12.9
Armour         | 1 2 3 4 5 6 7 8 |  8.2
Conjurations   | 1 2 3 4 5 7 |  7.5
Spellcasting   | 3 4 5 6 7 |  7.5
Maces & Flails | 1 3 4 6 |  6.6
Invocations    | 3 5 6 |  6.0
Stealth        | |  2.3

Action                   |  1- 3 |  4- 6 |  7- 9 | 10-12 || total
-------------------------+-------+-------+-------+-------++-------
Melee: Unarmed           |    43 |       |       |       ||    43
       Short sword       |    64 |    72 |       |       ||   136
       Dagger            |       |   195 |    94 |       ||   289
       Whip              |       |       |   391 |   682 ||  1073
 Cast: Sandblast         |    19 |    19 |    44 |    10 ||    92
       Stone Arrow       |       |       |    51 |    54 ||   105
       Passwall          |       |       |     3 |       ||     3
       Lee's Rapid Decon |       |       |     4 |    40 ||    44
Invok: Stomp             |       |       |       |     7 ||     7
       Grand Finale      |       |       |       |     1 ||     1
Evoke: Wand              |       |       |       |     3 ||     3
  Use: Scroll            |       |     9 |     5 |    12 ||    26
       Potion            |       |     1 |       |       ||     1
 Stab: Sleeping          |     3 |     2 |     1 |       ||     6
       Paralysed         |       |       |       |    36 ||    36
Armor: Robe              |    20 |       |       |       ||    20
       Leather armour    |    18 |     3 |       |       ||    21
       Ring mail         |       |   132 |   354 |   309 ||   795
Dodge: Dodged            |    85 |   173 |   400 |   314 ||   972
Block: Other             |       |       |       |    92 ||    92
       Reflection        |       |       |       |     3 ||     3
